Map: World of Sleepers LE

Players

Shahzad

  • Race: Zerg Zerg
  • League: Master
  • Spawn Location: 7:00

ViBE - Winner!

  • Race: Terran Terran
  • League: Master
  • Spawn Location: 1:00

VOD

Have the link to the VOD?

Description

Time

  • Played on: Dec. 26, 2019, 11:57 p.m.
  • Length: 15:41
Show
View Real Time Build Order
Export as new Build Order

Shahzad Zerg 

Build Orders: Hatch First 

Get SALT Encoding   

  12  0:01  Drone  
  13  0:14  Overlord  
  13  0:19  Drone  
  14  0:33  Drone x2  
  16  0:51  Hatchery, Drone  
  16  0:57  Drone  
  16  0:58  Drone  
  18  1:12  Extractor  
  18  1:15  Spawning Pool  
  18  1:17  Drone  
  17  1:21  Drone  
  18  1:29  Drone  
  19  1:42  Drone  
  20  1:55  Overlord  
  20  2:03  Queen  
  20  2:04  Queen  
  20  2:05  Zergling x4  
  26  2:13  Drone  
  27  2:19  Metabolic Boost  
  27  2:21  Drone  
  28  2:28  Drone x2  
  29  2:46  Drone x2, Queen x2  
  35  3:01  Hatchery  
  34  3:07  Drone  
  34  3:08  Overlord  
  35  3:18  Drone, Overlord  
  36  3:27  Drone  
  36  3:28  Drone x4  
  41  3:34  Queen  
  41  3:36  Overlord  
  43  3:43  Drone x4  
  43  3:47  Queen  
  49  3:59  Drone x6  
  55  4:07  Overlord  
  56  4:10  Zergling x2  
  56  4:13  Queen  
  56  4:14  Baneling Nest  
  57  4:18  Spore Crawler  
  57  4:23  Zergling x8  
  60  4:28  Drone x3  
  63  4:46  Spore Crawler, Drone x2  
  63  4:47  Drone  
  63  4:49  Spore Crawler  
  63  4:50  Spore Crawler  
  62  4:54  Drone x3  
  62  4:55  Overlord x3  
  65  5:04  Overlord x2  
  65  5:09  Lair  
  65  5:11  Overlord  
  65  5:13  Queen  
  67  5:17  Zergling x6  
  67  5:18  Zergling x2  
  67  5:20  Baneling x3  
  69  5:39  Zergling x10  
  73  5:49  Drone  
  75  5:50  Drone x7  
  75  5:55  Drone  
  79  6:00  Extractor x2  
  79  6:03  Baneling  
  79  6:04  Baneling x3  
  72  6:21  Roach Warren  
  72  6:22  Zergling x2  
  72  6:23  Zergling x14  
  76  6:31  Queen  
  77  6:32  Drone  
  77  6:33  Drone x5  
  77  6:39  Zergling x2  
  81  6:40  Zergling x2  
  81  6:41  Queen x2  
  84  6:53  Zergling x2  
  84  6:54  Zergling x6  
  80  7:00  Glial Reconstitution  
  80  7:04  Drone  
  80  7:05  Evolution Chamber  
  80  7:06  Evolution Chamber  
  80  7:07  Spore Crawler, Queen  
  80  7:18  Extractor  
  80  7:19  Extractor  
  78  7:27  Drone x4  
  78  7:30  Hatchery  
  78  7:36  Drone x8  
  78  7:37  Drone  
  83  7:42  Baneling x3  
  83  7:43  Baneling  
  80  7:54  Drone x7  
  83  8:00  Roach  
  83  8:06  Roach x4  
  86  8:13  Roach  
  86  8:14  Roach x2  
  86  8:19  Zerg Ground Armor Level 1, Zerg Missile Weapons Level 1  
  91  8:21  Spore Crawler  
  90  8:34  Overlord x3  
  90  8:35  Overlord x2  
  90  8:47  Overlord x3  
  90  8:52  Spore Crawler  
  90  8:53  Spore Crawler  
  88  8:57  Roach x3  
  94  9:06  Hatchery  
  94  9:07  Extractor  
  94  9:08  Drone x3  
  94  9:09  Drone x3  
  98  9:13  Roach x4  
  106  9:20  Queen  
  106  9:21  Centrifical Hooks  
  108  9:24  Roach x3  
  108  9:26  Ravager x3  
  108  9:28  Extractor  
  108  9:30  Drone x2  
  118  9:35  Drone  
  119  9:42  Overseer  
  119  9:45  Pneumatized Carapace  
  119  9:47  Zergling x4  
  119  9:48  Zergling x4  
  123  9:55  Roach x2  
  123  9:57  Drone x3  
  126  10:00  Drone  
  126  10:01  Spire  
  126  10:02  Drone x4  
  130  10:09  Roach  
  130  10:10  Roach x6  
  130  10:11  Ravager  
  130  10:12  Ravager  
  146  10:20  Roach x4  
  152  10:25  Overlord  
  152  10:32  Overlord x3  
  152  10:43  Queen  
  152  10:44  Spore Crawler  
  152  10:45  Spore Crawler  
  152  10:47  Drone  
  152  10:48  Drone x7  
  160  10:54  Queen  
  160  10:55  Zerg Missile Weapons Level 2, Zerg Ground Armor Level 2  
  162  10:57  Overlord x3  
  162  11:03  Spine Crawler  
  161  11:05  Spore Crawler  
  161  11:06  Overseer x2  
  157  11:23  Corruptor  
  157  11:24  Corruptor x6  
  160  11:31  Corruptor x2  
  146  11:37  Zergling x14  
  146  11:38  Zergling x2  
  146  11:50  Corruptor x3  
  137  12:02  Corruptor x3  
  137  12:08  Roach x3  
  130  12:22  Corruptor  
  125  12:23  Corruptor  
  129  12:30  Spore Crawler, Drone x2  
  129  12:31  Drone x2  
  129  12:32  Spore Crawler  
  129  12:34  Corruptor x2  
  135  12:47  Roach x5  
  135  12:48  Roach x2  
  135  12:50  Ravager x2  
  151  12:59  Spine Crawler  
  151  13:00  Corruptor x2  
  154  13:09  Drone  
  154  13:11  Queen  
  157  13:26  Hatchery  
  156  13:27  Roach  
  156  13:28  Roach x11  
  156  13:29  Zergling x4  
  182  13:37  Ravager x4  
  182  13:39  Roach x4  
  194  13:54  Baneling  
  194  13:55  Baneling x11  
  190  14:13  Roach x15  
  190  14:14  Roach  
  178  14:22  Zergling x2  
  178  14:23  Zergling x12  
  140  14:39  Roach x7  
  130  14:52  Roach  
  130  14:53  Roach x3  
  118  15:04  Roach  
  118  15:05  Roach x5  
Show
View Real Time Build Order
Export as new Build Order

ViBE Terran - Winner!

Build Orders: Reaper Expand, Mech 

Get SALT Encoding   

  12  0:00  SCV  
  13  0:12  SCV  
  14  0:18  Supply Depot  
  14  0:24  SCV  
  15  0:39  SCV  
  15  0:40  Barracks  
  16  0:44  Refinery  
  16  0:52  SCV  
  17  1:04  SCV  
  18  1:16  SCV  
  19  1:28  Orbital Command  
  19  1:29  Reaper  
  20  1:41  Command Center  
  20  1:54  SCV  
  20  1:55  Supply Depot  
  21  2:07  SCV  
  22  2:11  Factory  
  22  2:14  Refinery  
  22  2:20  SCV  
  22  2:21  Barracks Reactor  
  23  2:34  SCV  
  23  2:46  SCV  
  23  2:50  Supply Depot  
  24  2:53  Orbital Command  
  24  2:59  Starport  
  24  3:00  SCV  
  25  3:06  Hellion x2  
  29  3:14  SCV  
  29  3:18  SCV  
  31  3:26  SCV  
  32  3:31  SCV  
  33  3:35  Hellion x2  
  33  3:36  Fusion Core  
  33  3:37  Starport Tech Lab  
  33  3:38  SCV  
  38  3:43  SCV  
  39  3:49  Supply Depot  
  39  3:50  SCV  
  39  3:55  SCV  
  41  3:56  Viking  
  43  4:03  SCV  
  43  4:07  SCV  
  45  4:12  Supply Depot  
  45  4:15  SCV  
  46  4:18  Hellion x2  
  46  4:20  SCV  
  51  4:27  SCV  
  52  4:33  Battlecruiser  
  52  4:35  Supply Depot  
  58  4:44  Hellion x2  
  62  4:47  SCV x2  
  62  4:51  Refinery x2  
  64  4:56  Command Center  
  64  4:59  Supply Depot  
  64  5:04  SCV x2  
  64  5:05  Hellion x2  
  70  5:10  Weapon Refit  
  70  5:19  SCV x2  
  72  5:30  Supply Depot  
  72  5:31  SCV x2, Supply Depot  
  74  5:41  Battlecruiser, Hellion x2  
  84  5:46  SCV x2  
  87  6:04  SCV x2  
  87  6:07  Factory x2  
  87  6:08  Orbital Command  
  88  6:16  SCV  
  89  6:29  Hellion x2  
  93  6:33  Armory x2  
  91  6:49  Battlecruiser  
  91  6:50  Hellion x2  
  99  6:59  Orbital Command  
  97  7:01  Factory Tech Lab x2  
  95  7:11  Hellion x2  
  99  7:28  Cyclone  
  99  7:29  Cyclone  
  105  7:33  Hellion x2  
  109  7:46  SCV  
  109  7:47  SCV x2  
  112  7:58  SCV  
  112  7:59  SCV x2  
  111  8:07  Cyclone x2  
  117  8:13  Command Center  
  117  8:25  Hellion  
  117  8:26  Supply Depot x3  
  117  8:27  SCV x3  
  117  8:28  Hellion  
  117  8:29  Supply Depot  
  117  8:34  Battlecruiser  
  116  8:36  Terran Ship Weapons Level 1, Terran Vehicle And Ship Armor Level 1  
  116  8:39  SCV x3  
  109  8:51  SCV x3, Refinery  
  109  8:53  Refinery  
  109  8:55  Command Center  
  112  8:56  Engineering Bay  
  112  9:03  SCV x2  
  112  9:04  SCV  
  112  9:08  Supply Depot  
  115  9:11  Cyclone x2  
  115  9:12  Hellion x2  
  115  9:15  SCV x2  
  115  9:16  SCV  
  128  9:25  Factory  
  128  9:26  Factory x4  
  128  9:27  SCV  
  128  9:29  Factory, Command Center  
  128  9:30  SCV  
  128  9:31  SCV, Supply Depot  
  131  9:39  SCV  
  131  9:43  Smart Servos, Infernal Pre-Igniter  
  131  9:45  Refinery  
  132  9:53  SCV  
  132  9:54  SCV x2  
  135  10:02  Planetary Fortress  
  135  10:06  SCV x2  
  137  10:14  Factory Reactor x2  
  137  10:15  Factory Tech Lab x2  
  137  10:16  Factory Tech Lab x2  
  137  10:18  Thor  
  137  10:19  Command Center  
  137  10:20  Hellbat x2  
  149  10:21  Hellbat  
  149  10:44  Thor x2  
  149  10:46  Thor  
  149  10:48  Hellbat x2  
  171  10:58  Command Center  
  171  11:05  Thor  
  171  11:07  Thor, Hellbat x2  
  171  11:08  Hellbat x2  
  172  11:26  Thor  
  172  11:30  Hellbat x2, Hellion  
  172  11:31  Thor, Hellbat x2  
  191  11:34  Hellbat x2  
  191  11:35  SCV x2, Hellbat  
  191  11:36  SCV  
  192  11:49  Planetary Fortress  
  162  12:12  Thor x3  
  162  12:14  Hellbat x5  
  178  12:35  Factory Tech Lab  
  178  12:36  Refinery  
  178  12:37  Planetary Fortress  
  178  12:39  Refinery  
  178  12:43  Thor x2  
  190  12:45  Hellbat x2  
  190  12:46  Hellbat x2, Terran Vehicle Weapons Level 1  
  190  12:48  Orbital Command  
  198  12:54  Command Center  
  198  12:55  Refinery  
  198  12:59  Command Center  
  198  13:00  Command Center  
  198  13:08  Planetary Fortress  
  198  13:17  Hellbat  
  200  13:28  Factory  
  200  13:29  Factory x2  
  200  13:31  Factory x2  
  198  13:34  Factory  
  172  14:19  Thor x5  
  182  14:24  Thor  
  182  14:25  Factory Reactor, Factory Tech Lab x2  
  182  14:26  Factory Reactor, Factory Tech Lab x2  
  182  14:28  Hellbat x4  
  184  14:32  Thor  
  184  14:37  Orbital Command x3  
  190  14:46  Command Center  
  190  14:47  Command Center x2  
  190  14:48  Refinery  
  190  14:52  Refinery  
  172  14:55  Thor x3  
Tags
 
Add a new tag
Caveats
  • Supply blocks, unpowered buildings, or Contaminate may cause inaccurate times.
  • Supply counts are checked every 10 seconds.